[Event "Titled Tuesday Blitz May 03 Early 2022"]
[White "Srihari L R"]
[Black "Bintang, Rasyid A. Hidayat"]
[WhiteFideId "46617116"]
[BlackFideId "7105355"]
[WhiteElo "2121"]
[BlackElo "2410"]
[Result "1-0"]
[Round "02"]
[TimeControl "180+1"]
[Date "2022.05.03"]
[WhiteClock "0:01:02"]
[BlackClock "0:00:01"]

1. b3 d5 2. Bb2 Bf5 3. e3 e6 4. Nf3 Nf6 5. d3 Nbd7 6. Nbd2 Bd6 7. Be2 O-O 8. O-O e5 9. c4 c6 10. cxd5 cxd5 11. d4 e4 12. Ne5 Qe7 13. Nxd7 Qxd7 14. Rc1 Rac8 15. Rxc8 Rxc8 16. Qb1 g6 17. Rc1 h5 18. h4 Bg4 19. Bf1 Bf5 20. Rc2 Ng4 21. Be2 Bh2+ 22. Kh1 Bd6 23. Kg1 Bh2+ 24. Kh1 Bd6 25. Bxg4 Bxg4 26. Rxc8+ Qxc8 27. Qc1 Qd7 28. Ba3 Qe7 29. Bxd6 Qxd6 30. Kg1 Qa6 31. a4 Qe2 32. Nb1 Qd1+ 33. Qxd1 Bxd1 34. Nd2 Kf8 35. f3 f5 36. fxe4 fxe4 37. Kf2 Ke7 38. Kg3 Kf6 39. a5 b6 40. axb6 axb6 41. Kf4 Bc2 42. b4 Bd3 43. g3 b5 44. Nb3 Bc4 45. Nc5 Ba2 46. Nd7+ Kf7 47. Kg5 Kg7 48. Ne5 Bb1 49. Nxg6 Bd3 50. Nf4 Be2 51. Nxe2 1-0


[Site "https://www.chess.com"]

[Event "Titled Tuesday Blitz May 03 Early 2022"]
[White "Stanisz, Patryk"]
[Black "Ljukin, Sergei"]
[WhiteFideId "1123106"]
[BlackFideId "14102200"]
[WhiteElo "1833"]
[BlackElo "2312"]
[Result "1-0"]
[Round "02"]
[TimeControl "180+1"]
[Date "2022.05.03"]
[WhiteClock "0:00:10"]
[BlackClock "0:00:02"]

1. Nf3 d5 2. d4 Nf6 3. c4 c6 4. Nc3 dxc4 5. a4 Bf5 6. e3 e6 7. Bxc4 Bb4 8. O-O Nbd7 9. h3 O-O 10. Qb3 Qe7 11. Na2 Bd6 12. Nh4 Be4 13. Nc3 Bd5 14. Nxd5 cxd5 15. Bd3 Ne4 16. Nf3 Nb6 17. Bd2 Rac8 18. Rac1 Rxc1 19. Rxc1 Rc8 20. a5 Rxc1+ 21. Bxc1 Nc8 22. Bxe4 dxe4 23. Nd2 f5 24. Nc4 Kf7 25. Bd2 a6 26. Bc3 Bb8 27. Bb4 Qd7 28. Bc5 Qd5 29. Qb4 Ke8 30. b3 g5 31. Qa4+ Kf7 32. Qa1 f4 33. Qd1 Kg6 34. h4 h5 35. hxg5 Qxg5 36. exf4 Bxf4 37. Qe2 Qf5 38. g3 Bc7 39. Ne3 Qg5 40. Ng2 Qd5 41. Nh4+ Kf7 42. Qe3 Kg7 43. Ng2 Kg6 44. b4 Kg7 45. Qe2 Kg6 46. Ne3 Bd6 47. Nxd5 exd5 48. Bxd6 Nxd6 49. Qe3 Nf5 50. Qf4 Nxd4 51. Qd6+ Kg5 52. Qxd5+ Nf5 53. Qxe4 h4 54. gxh4+ Nxh4 55. Qxb7 Kg4 56. Qxa6 1-0


[Site "https://www.chess.com"]

[Event "Titled Tuesday Blitz May 03 Early 2022"]
[White "Stribuk, Artiom"]
[Black "Pinheiro, Iung Alicio de O."]
[WhiteFideId "13515659"]
[BlackFideId "2104350"]
[WhiteElo "2259"]
[BlackElo "2560"]
[Result "1-0"]
[Round "02"]
[TimeControl "180+1"]
[Date "2022.05.03"]
[WhiteClock "0:00:32"]
[BlackClock "0:00:25"]

1. d4 Nf6 2. c4 g6 3. g3 Bg7 4. Bg2 d5 5. cxd5 Nxd5 6. Nf3 O-O 7. O-O Nb6 8. Nc3 Nc6 9. e3 Re8 10. h3 e5 11. d5 Na5 12. Qc2 c6 13. b4 Nac4 14. dxc6 bxc6 15. Rd1 Qe7 16. Nd2 e4 17. Rb1 Nxd2 18. Bxd2 f5 19. Ne2 Be6 20. Bc3 Bc4 21. Bxg7 Bd3 22. Rxd3 exd3 23. Qxd3 Kxg7 24. Bxc6 Rad8 25. Qc3+ Kh6 26. Bxe8 Qxe8 27. Qf6 Nd5 28. Qh4+ Kg7 29. Rd1 h6 30. Qd4+ Kf7 31. Nf4 1-0


[Site "https://www.chess.com"]

[Event "Titled Tuesday Blitz May 03 Early 2022"]
[White "Subaste, Arman"]
[Black "Shohat, Yotam"]
[WhiteFideId "5221080"]
[BlackFideId "2813955"]
[WhiteElo "1856"]
[BlackElo "2119"]
[Result "0-1"]
[Round "02"]
[TimeControl "180+1"]
[Date "2022.05.03"]
[WhiteClock "0:02:32"]
[BlackClock "0:01:52"]

1. d4 Nf6 2. Nf3 g6 3. Bf4 Bg7 4. Nbd2 O-O 5. e3 d5 6. h3 c5 7. c3 cxd4 8. exd4 Nc6 9. Bd3 Bf5 10. Bxf5 gxf5 11. O-O e6 12. Ne5 Ne4 13. f3 Nxd2 14. Qxd2 Nxe5 15. Bxe5 Bxe5 16. dxe5 Kh8 17. Qh6 Rg8 18. f4 Rg6 19. Qh5 Qb6+ 20. Rf2 Rag8 21. Kf1 Qe3 22. Re1 Qd3+ 23. Ree2 Qd1+ 0-1


[Site "https://www.chess.com"]

[Event "Titled Tuesday Blitz May 03 Early 2022"]
[White "Svane, Rasmus"]
[Black "Hnydiuk, Aleksander"]
[WhiteFideId "4657101"]
[BlackFideId "1109057"]
[WhiteElo "2645"]
[BlackElo "2374"]
[Result "1-0"]
[Round "02"]
[TimeControl "180+1"]
[Date "2022.05.03"]
[WhiteClock "0:00:10"]
[BlackClock "0:00:03"]

1. Nf3 Nf6 2. g3 g6 3. Bg2 Bg7 4. O-O O-O 5. d4 d6 6. Re1 Nc6 7. d5 Nb4 8. c4 e6 9. Nc3 exd5 10. cxd5 Re8 11. Nd4 a5 12. Bf4 Bd7 13. Rc1 Na6 14. Qd2 Nc5 15. Bg5 Qb8 16. Nb3 Nce4 17. Nxe4 Nxe4 18. Bxe4 Rxe4 19. Bh6 Bh8 20. f3 Re8 21. e4 c5 22. dxc6 bxc6 23. Bf4 Qa7+ 24. Be3 Qb8 25. Bd4 f6 26. Qc3 a4 27. Nd2 Kf7 28. Nc4 Be6 29. Rcd1 Rd8 30. Re2 Qb5 31. Rc2 Ra6 32. Qd3 Ke7 33. Be3 f5 34. Bg5+ Bf6 35. Bxf6+ Kxf6 36. e5+ Kg7 37. exd6 c5 38. Qc3+ Kg8 39. Qf6 Re8 40. Re1 Bxc4 41. Re7 Rxe7 42. Qxe7 Ra8 43. d7 Qb6 44. Rxc4 Rd8 45. Rxc5 1-0


[Site "https://www.chess.com"]

[Event "Titled Tuesday Blitz May 03 Early 2022"]
[White "Sychev, Klementy"]
[Black "Sebag, Marie"]
[WhiteFideId "4114060"]
[BlackFideId "617822"]
[WhiteElo "2564"]
[BlackElo "2440"]
[Result "1-0"]
[Round "02"]
[TimeControl "180+1"]
[Date "2022.05.03"]
[WhiteClock "0:01:13"]
[BlackClock "0:00:04"]

1. b3 d5 2. Bb2 Nf6 3. f3 g6 4. e3 Bg7 5. Ne2 c5 6. d4 O-O 7. Qd2 Nc6 8. Nbc3 cxd4 9. exd4 a6 10. g4 b5 11. h4 h5 12. O-O-O b4 13. Na4 hxg4 14. Bg2 gxf3 15. Bxf3 Ne4 16. Bxe4 dxe4 17. h5 Bg4 18. d5 Ne5 19. hxg6 Qc7 20. Rh7 Nd3+ 21. Kb1 Nxb2 22. Rdh1 Qe5 23. Rxg7+ Qxg7 24. Nxb2 fxg6 25. Nd4 Rf7 26. Nc4 Raf8 27. Ne3 Bh5 28. Qxb4 a5 29. Qc5 Qe5 30. Ne6 Rb8 31. Qxa5 Qg3 32. Qc3 Qf3 33. Rf1 Qxf1+ 34. Nxf1 Rxf1+ 35. Kb2 Rf7 36. a4 Bf3 37. a5 e3 38. Qxe3 Bxd5 39. Qe5 Rb5 40. Nc7 1-0


[Site "https://www.chess.com"]

[Event "Titled Tuesday Blitz May 03 Early 2022"]
[White "Sztokbant, Bernardo Vainzoff"]
[Black "Zaksaite, Salomeja"]
[WhiteFideId "2115956"]
[BlackFideId "12801496"]
[WhiteElo "2225"]
[BlackElo "1953"]
[Result "1-0"]
[Round "02"]
[TimeControl "180+1"]
[Date "2022.05.03"]
[WhiteClock "0:00:04"]
[BlackClock "0:00:01"]

1. e4 c5 2. c3 Nf6 3. e5 Nd5 4. d4 cxd4 5. Nf3 e6 6. cxd4 d6 7. Nc3 Nxc3 8. bxc3 Qc7 9. Bd2 Nd7 10. exd6 Bxd6 11. Bd3 b6 12. O-O Bb7 13. h3 Bf4 14. c4 O-O 15. Be3 Rfd8 16. Re1 Rac8 17. Rc1 Nf8 18. Qe2 Ng6 19. d5 exd5 20. cxd5 Qd6 21. Rxc8 Rxc8 22. Bxf4 Qxf4 23. Ba6 Qc7 24. Bxb7 Qxb7 25. d6 h6 26. Qd2 Rd8 27. h4 Qd7 28. Rd1 Qe6 29. Qd4 Nf8 30. a4 Nd7 31. Re1 Qa2 32. Re7 Qb1+ 33. Kh2 Qg6 34. Qf4 Kf8 35. g4 Qf6 36. Qxf6 gxf6 37. Nd4 Nc5 38. Nf5 Rxd6 39. Rxa7 Rd8 40. Nxh6 Ne6 41. Nf5 1-0


[Site "https://www.chess.com"]

[Event "Titled Tuesday Blitz May 03 Early 2022"]
[White "Taboas Rodriguez, Daniel"]
[Black "Gharibyan, Mamikon"]
[WhiteFideId "2208466"]
[BlackFideId "13308300"]
[WhiteElo "2429"]
[BlackElo "2254"]
[Result "0-1"]
[Round "02"]
[TimeControl "180+1"]
[Date "2022.05.03"]
[WhiteClock "0:00:12"]
[BlackClock "0:00:19"]

1. d4 d5 2. Nf3 Nf6 3. c4 e6 4. Nc3 Bb4 5. e3 O-O 6. Bd3 c5 7. O-O Nc6 8. a3 Ba5 9. dxc5 Bxc3 10. bxc3 dxc4 11. Bxc4 Qa5 12. Qe2 Qxc5 13. a4 Rd8 14. Ba3 Qa5 15. Rfd1 Bd7 16. Rab1 Qxa4 17. Bd6 Ne4 18. Ra1 Qxa1 19. Rxa1 Nxd6 20. Bd3 Ne8 21. Ng5 Nf6 22. Ne4 Nxe4 23. Bxe4 a5 24. Qb5 Ra7 25. Qb6 Rda8 26. h4 a4 27. Ra3 Na5 28. Qc7 Bc6 29. Bxc6 bxc6 30. Qf4 Nb3 31. h5 h6 32. g4 Ra5 33. Qc4 Rc5 34. Qb4 Rca5 35. f4 Nd2 36. Kg2 c5 37. Qb7 Nc4 38. Ra2 a3 39. g5 Nxe3+ 40. Kf3 Nf5 41. g6 fxg6 42. hxg6 Kh8 43. Qb6 c4 44. Qxe6 Rf8 45. Qxc4 Nh4+ 46. Kg4 Nxg6 47. Qb4 Rxf4+ 48. Qxf4 Nxf4 49. Kxf4 g5+ 50. Ke4 Kg7 51. Kd4 Kf6 52. c4 Ke7 53. c5 Kd7 54. Kd5 g4 55. Rf2 a2 56. Rf7+ Ke8 0-1


[Site "https://www.chess.com"]

[Event "Titled Tuesday Blitz May 03 Early 2022"]
[White "Tan, Jun Ying"]
[Black "Meshkovs, Nikita"]
[WhiteFideId "5710413"]
[BlackFideId "11602740"]
[WhiteElo "1827"]
[BlackElo "2506"]
[Result "0-1"]
[Round "02"]
[TimeControl "180+1"]
[Date "2022.05.03"]
[WhiteClock "0:00:42"]
[BlackClock "0:00:22"]

1. d4 Nf6 2. c4 e6 3. Nc3 Bb4 4. e3 O-O 5. Ne2 d5 6. a3 Be7 7. cxd5 exd5 8. Nf4 b6 9. Bd3 Bb7 10. O-O c5 11. f3 cxd4 12. exd4 Nc6 13. Bc2 Nxd4 14. Be3 Nxc2 15. Qxc2 d4 16. Rad1 Qb8 17. Rxd4 Bc5 18. Nd3 Bxd4 19. Bxd4 Qd8 20. Qf2 Nd5 21. Ne4 Rc8 22. Qg3 f6 23. Nd6 Rc7 24. Nf5 Bc8 25. Nd6 Rd7 26. Nxc8 Qxc8 27. Nf2 Qc7 28. Qg4 Nf4 29. Be3 Ng6 30. Qe6+ Kh8 31. Ne4 Re7 32. Qb3 f5 33. Rc1 Qe5 34. Bg5 fxe4 35. Bxe7 Qxe7 36. fxe4 Qxe4 37. Qc3 h6 38. Qg3 Kh7 39. h3 Qd4+ 40. Kh1 Qxb2 41. Rc7 Qa1+ 42. Kh2 Rf1 43. Qd6 Rh1+ 44. Kg3 Qe1+ 45. Kg4 Qh4+ 46. Kf5 Rf1+ 47. Ke6 Rf6+ 48. Kd7 Qa4+ 49. Rc6 Ne5+ 50. Qxe5 Qxc6+ 51. Ke7 Qc5+ 52. Qxc5 bxc5 53. g4 c4 0-1


[Site "https://www.chess.com"]

[Event "Titled Tuesday Blitz May 03 Early 2022"]
[White "Terzi, Alexei"]
[Black "Fernandez Siles, Luis"]
[WhiteFideId "13505076"]
[BlackFideId "2209420"]
[WhiteElo "2031"]
[BlackElo "2212"]
[Result "1-0"]
[Round "02"]
[TimeControl "180+1"]
[Date "2022.05.03"]
[WhiteClock "0:00:14"]
[BlackClock "0:00:07"]

1. e4 c5 2. Nf3 Nc6 3. d4 cxd4 4. Nxd4 Nf6 5. Nc3 e5 6. Ndb5 d6 7. Bg5 a6 8. Na3 b5 9. Nd5 Be7 10. Bxf6 Bxf6 11. c3 O-O 12. Nc2 Rb8 13. Ncb4 Bb7 14. Bd3 Nxb4 15. Nxb4 a5 16. Nd5 Bxd5 17. exd5 e4 18. Be2 b4 19. O-O bxc3 20. bxc3 Bxc3 21. Rc1 Be5 22. a4 f5 23. Bb5 Qh4 24. g3 Qh3 25. Bd7 Rf6 26. Be6+ Kh8 27. Rc2 h5 28. f4 exf3 29. Qxf3 Bd4+ 30. Kh1 Rb3 31. Rc8+ Kh7 32. Bxf5+ g6 33. Rc7+ Kh8 34. Re1 Rf8 35. Qxb3 Qxf5 36. Rce7 Qf2 37. R7e2 Qf5 38. Kg2 h4 39. h3 hxg3 40. Qxg3 Qxd5+ 41. Re4 Be5 42. Qh4+ Kg7 43. Qg4 Qd2+ 44. Qe2 Qg5+ 45. Qg4 Qd2+ 46. Qe2 Qg5+ 47. Rg4 Qh5 48. Qe4 Rf5 49. Re2 Qh8 50. Qxf5 Qa8+ 51. Qe4 1-0


[Site "https://www.chess.com"]

[Event "Titled Tuesday Blitz May 03 Early 2022"]
[White "Trost, Edvin"]
[Black "Yilmaz, Mustafa"]
[WhiteFideId "1729519"]
[BlackFideId "6302718"]
[WhiteElo "2160"]
[BlackElo "2568"]
[Result "1-0"]
[Round "02"]
[TimeControl "180+1"]
[Date "2022.05.03"]
[WhiteClock "0:01:10"]
[BlackClock "0:00:03"]

1. d4 Nf6 2. c4 e6 3. g3 c5 4. Nf3 cxd4 5. Nxd4 Qc7 6. Nd2 Nc6 7. N4f3 Bc5 8. Bg2 Bxf2+ 9. Kxf2 Ng4+ 10. Ke1 Ne3 11. Qb3 Nb4 12. Kf2 Nbc2 13. Rb1 f5 14. Nf1 Ng4+ 15. Kg1 Qc5+ 16. e3 Nb4 17. h3 Nf6 18. Nd4 O-O 19. Kh2 a5 20. Bd2 Nc6 21. Qb5 Qe7 22. Nf3 a4 23. Bc3 Ne4 24. Rc1 b6 25. Ne5 Nxe5 26. Qxe5 d6 27. Bb4 Nc5 28. Bxc5 bxc5 29. Qc3 Rb8 30. Nd2 Bb7 31. Bxb7 Rxb7 32. Rhd1 h5 33. Nf3 Rb6 34. Rc2 Qb7 35. Rf1 Rb8 36. Rff2 Qe7 37. h4 Qf6 38. Qd2 Qe7 39. Ng5 Qf6 40. Qe2 g6 41. e4 Qe5 42. exf5 Qxe2 43. Rfxe2 exf5 44. Kh3 R8b7 45. Re6 Rxb2 46. Rxg6+ Kf8 47. Rxb2 Rxb2 48. Rxd6 Rxa2 49. Rf6+ Kg7 50. Rxf5 a3 51. Rxc5 Rc2 52. Ra5 a2 53. c5 Kf6 54. c6 Ke7 55. Ra7+ Kd6 56. c7 Kd7 57. Ne4 Re2 58. Nd6 1-0


[Site "https://www.chess.com"]

[Event "Titled Tuesday Blitz May 03 Early 2022"]
[White "Turutin, Alexander"]
[Black "D`Arruda, Ricardo D."]
[WhiteFideId "4180623"]
[BlackFideId "100692"]
[WhiteElo "2402"]
[BlackElo "2380"]
[Result "0-1"]
[Round "02"]
[TimeControl "180+1"]
[Date "2022.05.03"]
[WhiteClock "0:00:04"]
[BlackClock "0:00:19"]

1. e4 c5 2. Nf3 Nc6 3. Bb5 e6 4. Bxc6 bxc6 5. d3 d5 6. e5 Ne7 7. Qe2 Nf5 8. c3 Be7 9. g4 Nh4 10. Nxh4 Bxh4 11. Nd2 Bg5 12. Nb3 Bxc1 13. Rxc1 c4 14. dxc4 Ba6 15. Nd2 Qa5 16. O-O O-O 17. Qe3 Bxc4 18. Nxc4 dxc4 19. Rfd1 Qxa2 20. Rc2 Rfd8 21. Rcd2 Rd5 22. Rxd5 cxd5 23. Rd2 h6 24. f4 Qb1+ 25. Kg2 Rb8 26. Qf2 a5 27. Kg3 a4 28. f5 Qe4 29. Qf4 Qe1+ 30. Qf2 Qxe5+ 31. Kh3 a3 32. Re2 Qf6 33. bxa3 Qxc3+ 34. Re3 Qf6 35. Qg3 Rc8 36. fxe6 fxe6 37. Qd6 c3 38. Rxe6 Qf3+ 39. Kh4 Rc4 0-1


[Site "https://www.chess.com"]

[Event "Titled Tuesday Blitz May 03 Early 2022"]
[White "Van den Dikkenberg, Erik"]
[Black "Kulkarni, Rakesh"]
[WhiteFideId "1005880"]
[BlackFideId "5037077"]
[WhiteElo "2118"]
[BlackElo "2246"]
[Result "1-0"]
[Round "02"]
[TimeControl "180+1"]
[Date "2022.05.03"]
[WhiteClock "0:00:20"]
[BlackClock "0:01:04"]

1. e4 d5 2. exd5 c6 3. dxc6 Nxc6 4. Nc3 e5 5. Bc4 Nf6 6. d3 Bg4 7. f3 Bh5 8. Nge2 Bc5 9. Bg5 h6 10. Bxf6 Qxf6 11. Qd2 Qh4+ 12. Ng3 O-O-O 13. O-O-O Bg6 14. Kb1 Nd4 15. Nge4 Bb4 16. a3 Ba5 17. b4 Bb6 18. Nd5 Kb8 19. Nxb6 axb6 20. Qe1 Qe7 21. Nc3 Rc8 22. Ne4 b5 23. Bb3 f5 24. Nc5 b6 25. Ne6 Nxb3 26. Qxe5+ Ka7 27. cxb3 Rhe8 28. Rhe1 Bf7 29. Qxb5 Bxe6 30. d4 Qd7 31. Qxd7+ Bxd7 32. Rxe8 Rxe8 33. Rd2 Re3 34. Kb2 Kb7 35. Rc2 Be6 36. Rc3 Re2+ 37. Rc2 Re1 38. Rc1 Rxc1 39. Kxc1 Bxb3 40. Kd2 Kc6 41. Kc3 Bd5 42. a4 g5 43. b5+ Kd6 44. Kb4 h5 45. a5 Kc7 46. a6 Kd6 47. h3 Ba8 48. Kc4 Bd5+ 49. Kd3 Bb3 50. Kc3 Ba4 51. Kb4 Bd1 52. a7 1-0


[Site "https://www.chess.com"]

[Event "Titled Tuesday Blitz May 03 Early 2022"]
[White "Vasquez Schroeder, Rodrigo"]
[Black "Gallegos Diaz, Carlos Alberto"]
[WhiteFideId "3400042"]
[BlackFideId "3900886"]
[WhiteElo "2561"]
[BlackElo "2362"]
[Result "1-0"]
[Round "02"]
[TimeControl "180+1"]
[Date "2022.05.03"]
[WhiteClock "0:02:01"]
[BlackClock "0:01:05"]

1. e4 d6 2. d4 Nf6 3. Nc3 c6 4. a4 Qa5 5. Bd3 e5 6. Ne2 Be7 7. O-O O-O 8. h3 Nbd7 9. Be3 Re8 10. Qd2 Bf8 11. Rab1 a6 12. b4 Qc7 13. a5 exd4 14. Nxd4 c5 15. Nf5 c4 16. Be2 Nxe4 17. Nxe4 Rxe4 18. Rfd1 Re5 19. Nxd6 c3 20. Qd4 Bxd6 21. Qxd6 Qxd6 22. Rxd6 Nf6 23. Bf3 Bf5 24. Bxb7 Rb8 25. Bxa6 Bxc2 26. Rc1 Ba4 27. Rxc3 Rxb4 28. Rc8+ Re8 29. Rxe8+ Nxe8 30. Rb6 Re4 31. Bb7 1-0


[Site "https://www.chess.com"]

[Event "Titled Tuesday Blitz May 03 Early 2022"]
[White "Vifleemskaia, Svetlana"]
[Black "Nagy, Gabor"]
[WhiteFideId "4129490"]
[BlackFideId "737119"]
[WhiteElo "1901"]
[BlackElo "2534"]
[Result "0-1"]
[Round "02"]
[TimeControl "180+1"]
[Date "2022.05.03"]
[WhiteClock "0:00:01"]
[BlackClock "0:01:18"]

1. d4 g6 2. c4 Bg7 3. e4 d6 4. Nc3 Nc6 5. d5 Nd4 6. Be3 c5 7. Nge2 Bg4 8. h3 Bxe2 9. Bxe2 e6 10. O-O Ne7 11. Bd3 O-O 12. Ne2 exd5 13. cxd5 Nxe2+ 14. Qxe2 a6 15. a4 f5 16. Bg5 f4 17. f3 h6 18. Bh4 g5 19. Bf2 Ng6 20. e5 Nxe5 21. Bc2 Re8 22. Qe4 Qf6 23. Rfe1 Re7 24. Qh7+ Kf7 25. Qe4 h5 26. a5 Rae8 27. Qa4 g4 28. Re4 Bh6 29. fxg4 hxg4 30. Rae1 Kg7 31. Rf1 gxh3 32. gxh3 Nf3+ 33. Kh1 Qf7 34. Rxe7 Rxe7 35. Bxc5 Qxd5 36. Rd1 Nd4+ 37. Kh2 Re2+ 38. Kg1 Qg2# 0-1


[Site "https://www.chess.com"]

[Event "Titled Tuesday Blitz May 03 Early 2022"]
[White "Vignesh, N R"]
[Black "Silvestre, Christian"]
[WhiteFideId "25012215"]
[BlackFideId "30956269"]
[WhiteElo "2363"]
[BlackElo "2363"]
[Result "1-0"]
[Round "02"]
[TimeControl "180+1"]
[Date "2022.05.03"]
[WhiteClock "0:00:41"]
[BlackClock "0:00:18"]

1. d4 Nf6 2. c4 g6 3. Nc3 Bg7 4. e4 d6 5. f3 O-O 6. Be3 e5 7. d5 c5 8. h4 h5 9. Nh3 Na6 10. Qd2 Nc7 11. Bh6 Rb8 12. Bxg7 Kxg7 13. a4 a6 14. Nf2 Rh8 15. Be2 Bd7 16. a5 b5 17. axb6 Rxb6 18. g4 Qb8 19. Ra2 Qb7 20. g5 Nh7 21. f4 Rb8 22. Nd3 exf4 23. Qxf4 Ne8 24. O-O Bc8 25. e5 Qe7 26. exd6 Qxd6 27. Qxd6 Nxd6 28. Nxc5 Rxb2 29. Rxb2 Rxb2 30. Bd3 Bf5 31. N5e4 Bxe4 32. Bxe4 Nxc4 33. Bd3 Ne5 34. Bxa6 Rd2 35. Rf2 Rd4 36. Re2 Rg4+ 37. Kf2 Rf4+ 38. Ke3 Nd7 39. Kxf4 1-0


[Site "https://www.chess.com"]

[Event "Titled Tuesday Blitz May 03 Early 2022"]
[White "Vlassov, Nikolai"]
[Black "Hovhannisyan, Robert"]
[WhiteFideId "4103360"]
[BlackFideId "13302507"]
[WhiteElo "2407"]
[BlackElo "2570"]
[Result "0-1"]
[Round "02"]
[TimeControl "180+1"]
[Date "2022.05.03"]
[WhiteClock "0:00:04"]
[BlackClock "0:00:15"]

1. e4 e5 2. Bc4 Nf6 3. Nc3 Bc5 4. Nf3 Nc6 5. d3 h6 6. O-O O-O 7. Be3 Bb6 8. h3 d6 9. d4 Re8 10. dxe5 Nxe5 11. Nxe5 dxe5 12. Bxb6 axb6 13. Qxd8 Rxd8 14. Rfd1 Bd7 15. f3 c6 16. Kf2 b5 17. Bb3 Kf8 18. a3 Ke7 19. Ke3 Be8 20. Rxd8 Rxd8 21. Rd1 Ra8 22. h4 Nd7 23. h5 Nf6 24. g4 Nd7 25. Ne2 Nc5 26. Ng3 Bd7 27. Nf5+ Bxf5 28. gxf5 Rf8 29. Ba2 Na4 30. Rb1 Rd8 31. Bb3 Nc5 32. Rg1 Kf6 33. f4 exf4+ 34. Kxf4 Rd4 35. Re1 b4 36. axb4 Rxb4 37. Re3 b5 38. Rc3 Rxe4+ 39. Kf3 Re5 40. Ba2 Rxf5+ 41. Ke3 Re5+ 42. Kf3 Rxh5 43. b4 Rf5+ 44. Ke3 Re5+ 45. Kf3 Ne6 46. Rxc6 h5 47. c4 bxc4 48. Bxc4 Rf5+ 49. Kg3 Rg5+ 50. Kh2 Ke7 51. b5 Rc5 52. Rxc5 Nxc5 53. b6 f6 54. Bd5 g5 55. b7 Nd7 56. Kg3 Kd6 57. Bf7 Kc7 58. Bxh5 Ne5 59. Bd1 Kxb7 60. Kf2 Kc7 61. Ke3 Kd6 62. Ke4 Ke7 63. Bb3 Nf7 64. Kf5 Nd6+ 65. Kg6 Nb7 66. Bd5 Nc5 67. Kf5 Nd7 68. Bc6 Ne5 69. Bd5 Nd3 70. Be4 Nf4 71. Bc6 Kf7 72. Bb5 Kg7 73. Bc4 Ng6 74. Be2 Nh4+ 75. Kg4 Kg6 76. Bd3+ f5+ 77. Kh3 Kf6 78. Be2 Ng6 79. Bd3 Ne5 80. Bb1 f4 81. Be4 Ke6 82. Bb7 Kd6 83. Bc8 Kc5 84. Bf5 Kd4 85. Kg2 Ke3 86. Kf1 g4 87. Bc8 g3 88. Bb7 Nc4 89. Bd5 Nd2+ 90. Kg2 Ne4 91. Bc6 f3+ 92. Kg1 f2+ 93. Kg2 Nd2 94. Bb5 f1=Q+ 95. Bxf1 Nxf1 96. Kg1 Nd2 97. Kg2 Kf4 98. Kg1 Kf3 99. Kh1 Ne4 100. Kg1 g2 101. Kh2 Kf2 0-1


[Site "https://www.chess.com"]

[Event "Titled Tuesday Blitz May 03 Early 2022"]
[White "Vokarev, Sergey"]
[Black "Pranav, V"]
[WhiteFideId "4119711"]
[BlackFideId "25060783"]
[WhiteElo "2343"]
[BlackElo "2349"]
[Result "0-1"]
[Round "02"]
[TimeControl "180+1"]
[Date "2022.05.03"]
[WhiteClock "0:00:05"]
[BlackClock "0:00:18"]

1. e4 e5 2. Nf3 Nc6 3. Bb5 a6 4. Bxc6 dxc6 5. Nc3 f6 6. d4 exd4 7. Nxd4 Bd6 8. Qh5+ g6 9. Qh4 Qe7 10. Be3 Bd7 11. O-O-O O-O-O 12. Rhe1 h5 13. f3 Nh6 14. Qf2 Nf7 15. Nb3 Ne5 16. Bc5 Be6 17. Bxd6 cxd6 18. Qa7 Bxb3 19. axb3 Kc7 20. Na4 Nd7 21. Qe3 Rhe8 22. Qc3 Qe5 23. h3 Qxc3 24. Nxc3 Nc5 25. Re2 Ne6 26. h4 g5 27. Rh1 Rg8 28. Nd1 g4 29. Ne3 gxf3 30. gxf3 Rg3 31. Rf2 Rdg8 32. Nf5 Rg1+ 33. Rxg1 Rxg1+ 34. Kd2 Kd7 35. c3 b5 36. b4 c5 37. Ke3 cxb4 38. Rd2 bxc3 39. Rxd6+ Kc7 40. bxc3 Nc5 41. Rxf6 a5 42. Nd4 Kd7 43. Nxb5 a4 44. Rf5 Ne6 45. Rxh5 Re1+ 46. Kf2 Rb1 47. Rd5+ Ke7 48. h5 Nf4 49. Re5+ Kd7 50. h6 Nd3+ 51. Kg2 Nxe5 52. h7 Nf7 53. f4 Rxb5 54. e5 a3 0-1


[Site "https://www.chess.com"]

[Event "Titled Tuesday Blitz May 03 Early 2022"]
[White "Vysochin, Spartak"]
[Black "Nan, M K Khine Hlyan"]
[WhiteFideId "14103516"]
[BlackFideId "13002899"]
[WhiteElo "2385"]
[BlackElo "1943"]
[Result "1-0"]
[Round "02"]
[TimeControl "180+1"]
[Date "2022.05.03"]
[WhiteClock "0:02:12"]
[BlackClock "0:02:13"]

1. e4 e5 2. Nf3 Nc6 3. Bb5 a6 4. Bxc6 dxc6 5. O-O Bd6 6. d4 Qe7 7. dxe5 Bxe5 8. Nxe5 Qxe5 9. Nc3 Nf6 10. Qf3 O-O 11. Bf4 Qe7 12. Bg5 Be6 13. e5 Bd5 14. Nxd5 Qxe5 15. Nxf6+ Kh8 16. Nd7 Qxg5 17. Nxf8 1-0


[Site "https://www.chess.com"]

[Event "Titled Tuesday Blitz May 03 Early 2022"]
[White "Wagh Suyog"]
[Black "Skuhala, Barbara"]
[WhiteFideId "25071688"]
[BlackFideId "14605465"]
[WhiteElo "2181"]
[BlackElo "2155"]
[Result "1-0"]
[Round "02"]
[TimeControl "180+1"]
[Date "2022.05.03"]
[WhiteClock "0:01:25"]
[BlackClock "0:02:23"]

1. e4 c5 2. Nf3 d6 3. d4 cxd4 4. Nxd4 Nf6 5. Nc3 a6 6. Be3 e5 7. Nb3 Be7 8. f3 Be6 9. Qd2 Nbd7 10. O-O-O Rc8 11. g4 b5 12. g5 Nh5 13. Kb1 Qc7 14. Nd5 Bxd5 15. exd5 Nb6 16. Bxb6 Qxb6 17. Na5 Nf4 18. h4 Nxd5 19. Bh3 Rd8 20. Qxd5 Qxa5 21. Qc6+ Kf8 22. f4 exf4 23. Rhe1 Qb4 24. Rxe7 Kxe7 25. Qc7+ Ke8 26. Bf5 g6 27. c3 1-0


[Site "https://www.chess.com"]

[Event "Titled Tuesday Blitz May 03 Early 2022"]
[White "Wagner, Dennis"]
[Black "Prraneeth Vuppala"]
[WhiteFideId "24650684"]
[BlackFideId "46622373"]
[WhiteElo "2355"]
[BlackElo "1958"]
[Result "1/2-1/2"]
[Round "02"]
[TimeControl "180+1"]
[Date "2022.05.03"]
[WhiteClock "0:00:11"]
[BlackClock "0:00:01"]

1. e4 e5 2. Nf3 Nc6 3. Bb5 a6 4. Ba4 Nf6 5. O-O b5 6. Bb3 Bc5 7. a4 Rb8 8. c3 d6 9. d4 Bb6 10. a5 Ba7 11. Be3 Bg4 12. dxe5 Bxf3 13. Qxf3 Nxe5 14. Qg3 Bxe3 15. Qxe3 O-O 16. Nd2 c5 17. h3 Re8 18. f4 Nc6 19. e5 c4 20. Bc2 dxe5 21. Ne4 Nd5 22. Qc5 Nce7 23. Nd6 Rf8 24. fxe5 Qc7 25. Qd4 Rbd8 26. Qh4 Ng6 27. Bxg6 hxg6 28. Rae1 f6 29. Qe4 Qc5+ 30. Kh1 fxe5 31. Nb7 Rxf1+ 32. Rxf1 Qe3 33. Qxg6 Nf4 34. Qg4 Rd2 35. Rg1 Rxb2 36. Nd8 Qxc3 37. Ne6 Nxe6 38. Qxe6+ Kh7 39. Qf5+ Kh8 40. Rf1 Qg3 41. Qh5+ Kg8 42. Qe8+ Kh7 43. Qh5+ Kg8 44. Qe8+ Kh7 45. Qc6 Rf2 46. Qe4+ Kh8 47. Rd1 Rf8 48. Qc6 Qf4 49. Qxa6 c3 50. Qc6 b4 51. a6 Qd2 52. Rg1 c2 53. a7 Qd8 54. Qxc2 Qb6 55. Qa2 Ra8 56. Ra1 b3 57. Qb1 Rxa7 58. Rxa7 Qxa7 59. Qxb3 Qa1+ 60. Kh2 Qd4 61. Qb8+ Kh7 62. Qb3 Qf4+ 63. Kg1 Qc1+ 64. Kf2 Qf4+ 65. Ke2 Qe4+ 66. Kf1 Qf4+ 67. Kg1 Qd4+ 68. Kh2 Qf4+ 69. Qg3 Qe4 70. Qg5 Qd4 71. Qh5+ Kg8 72. Qe8+ Kh7 73. Qh5+ Kg8 74. Qf5 Qe3 75. Qe6+ Kh7 76. Qf5+ Kg8 77. h4 e4 78. h5 Qd4 79. Kg3 Qe3+ 80. Kg4 Qe2+ 81. Kh3 Qe3+ 82. g3 Qd4 83. Qe6+ Kh7 84. Qg6+ Kh8 85. h6 gxh6 86. Qxh6+ Kg8 87. Qe6+ Kh8 88. g4 Qd3+ 89. Kh4 e3 90. g5 e2 91. g6 Qd4+ 92. Kh5 Qc5+ 93. Kh6 Qf8+ 94. Kg5 Qc5+ 95. Kh6 Qc1+ 96. Kh5 Qh1+ 97. Kg5 Qg1+ 98. Kh6 Qh1+ 99. Kg5 Qg1+ 100. Kf6 Qf2+ 101. Kg5 Qg1+ 1/2-1/2


[Site "https://www.chess.com"]

[Event "Titled Tuesday Blitz May 03 Early 2022"]
[White "YoreDea"]
[Black "Ovezdurdyyeva, Jemal"]
[BlackFideId "14001888"]
[WhiteElo "2493"]
[BlackElo "1946"]
[Result "1-0"]
[Round "02"]
[TimeControl "180+1"]
[Date "2022.05.03"]
[WhiteClock "0:02:01"]
[BlackClock "0:01:40"]

1. d4 Nf6 2. c4 g6 3. Nc3 d5 4. Nf3 Bg7 5. g3 O-O 6. Bg2 c6 7. O-O Be6 8. c5 h6 9. Bf4 Qc8 10. b4 Bh3 11. a4 Bxg2 12. Kxg2 Ne4 13. Qc1 Na6 14. b5 Nc7 15. Bxh6 Nxc3 16. Bxg7 Kxg7 17. Qxc3 Rh8 18. h4 Qg4 19. bxc6 bxc6 20. Rab1 Ne6 21. Qe3 Rab8 22. Rxb8 Rxb8 23. Qe5+ f6 24. Qxb8 1-0


[Site "https://www.chess.com"]